 Dungeon Crawl Stone Soup version 0.31-a0-854-g362426d53f (webtiles) character file.

Game seed: 15261735414768922021

935 cforsyth the Trooper (level 8, -5/57 (91) HPs)
             Began as a Djinni Necromancer on Oct 8, 2023.
             Slain by a phantom (7 damage)
             ... on level 4 of the Dungeon.
             The game lasted 00:08:05 (3977 turns).

cforsyth the Trooper (Djinni Necromancer)           Turns: 3977, Time: 00:08:05

HP:   -5/57 (91)    AC:  4    Str:  7    XL:     8   Next: 33%
Gold: 101           EV: 12    Int: 19    God:
                    SH:  0    Dex: 14

rFire   + . .        e - +2 short sword (freeze)
rCold   . . .        (no shield)
rNeg    . . .        a - +0 robe
rPois   ∞            f - +0 helmet
rElec   .            p - +0 cloak
rCorr   .            (no gloves)
SInv    .            (boots unavailable)
Will    .....        (no amulet) Stlth
                     n - ring of ice
HPRegen 0.29/turn    (no ring)
MPRegen 0.00/turn

%: infuse magic (-6 HP)
@: berserking, flying, very heavily drained, very quick
A: sickness immunity, fire resistance 2, cold vulnerability 1, float, innate
caster, HP casting, extra vitality 1
a: no special abilities


You were on level 4 of the Dungeon.
You visited 1 branch of the dungeon, and saw 4 of its levels.

You collected 101 gold pieces.

Inventory:

Hand Weapons
 e - a +2 short sword of freezing (weapon)
Armour
 a - a +0 robe (worn)
 f - a +0 helmet (worn)
 p - a +0 cloak (worn)
Jewellery
 k - an amulet of faith
 n - a ring of ice (left hand)
Wands
 u - a wand of flame (15)
Scrolls
 c - a scroll of amnesia {unknown}
 d - a scroll of vulnerability {unknown}
 h - 5 scrolls of identify {unknown}
 o - a scroll of poison {unknown}
 q - a scroll of revelation {unknown}
 r - a scroll of teleportation {unknown}
Potions
 b - 2 potions of haste {unknown}
 g - a potion of invisibility {unknown}
 i - 2 potions of heal wounds {unknown}
 j - 2 potions of degeneration {unknown}
 l - 2 potions of berserk rage
 m - a potion of curing {unknown}
 s - a potion of brilliance {unknown}
 t - a potion of might {unknown}


   Skills:
 + Level 6.2 Fighting
 - Level 2.1 Dodging
 - Level 1.5 Stealth
 + Level 5.8 Spellcasting
 + Level 5.8 Conjurations
 + Level 5.8 Hexes
   Level 0.0 Charms
 + Level 5.8 Summonings
 + Level 5.8 Necromancy
 + Level 5.8 Translocations
 + Level 5.8 Transmutations
 + Level 5.8 Fire Magic
 + Level 5.8 Ice Magic
 + Level 5.8 Air Magic
 + Level 5.8 Earth Magic
 + Level 5.8 Poison Magic


You knew the following spells:

 Your Spells              Type           Power      Damage    Failure   Level
a - Necrotise             Necr           100%       1d9       1%          1
b - Vampiric Draining     Necr           27%        2d7       3%          3
c - Animate Dead          Necr           27%        N/A       10%         4
d - Agony                 Necr           27%        N/A       28%         5
e - Kiss of Death         Conj/Necr      100%       2d13      1%          1
f - Lesser Beckoning      Tloc           54%        N/A       1%          2
g - Volatile Blastmotes   Fire/Tloc      54%        2d14      3%          3
Your spell library was empty.

Dungeon Overview and Level Annotations

Branches:
Dungeon (4/15)
 Temple: D:4-7

Altars:

Shops:
D:2 (

Annotations:
D:3 2 transporters, Videorelaxant777's ghost, amateur MfCK
D:4 Pikel


Innate Abilities, Weirdness & Mutations

You are immune to sickness and miasma.
You are immune to poison.
Your flesh is very heat resistant. (rF++)
You are vulnerable to cold. (rC-)
You float through the air rather than walking.
You learn spells naturally, not from books.
Your magical power is your life essence.
You have superior vitality. (+4 MHP)


Message History

The phantom attacks as it pursues you! The phantom hits you.
Casting: Volatile Blastmotes (dangerous; 3% risk of failure)
Confirm with . or Enter, or press ? or * to list all spells.
A cloud of volatile blastmotes flares up around you!
The phantom hits you. The phantom attacks as it pursues you!
The phantom hits you.
* * * LOW HITPOINT WARNING * * *
The phantom blinks!
You blink.
The cloud of blastmotes explodes!
The phantom attacks as it pursues you!
The phantom hits you but does no damage.
The phantom attacks as it pursues you!
The phantom hits you but does no damage.
The phantom attacks as it pursues you! The phantom hits you.
* * * LOW HITPOINT WARNING * * *
The phantom blinks!
You blink.
Aiming: Throw Flame
Press: ? - help, Shift-Dir - straight line, f - phantom
Aim: a phantom (lightly damaged, 56% to hit)
The puff of flame hits the phantom.
The phantom is heavily damaged.
The phantom hits you.
* * * LOW HITPOINT WARNING * * *
Aiming: Throw Flame
Press: ? - help, Shift-Dir - straight line, f/p - phantom
Aim: a phantom (heavily damaged, 56% to hit)
The puff of flame hits the phantom.
The phantom is heavily damaged.
The phantom closely misses you.
Aiming: Throw Flame
Press: ? - help, Shift-Dir - straight line, f/p - phantom
Aim: a phantom (heavily damaged, 56% to hit)
The puff of flame hits the phantom.
The phantom is severely damaged.
The phantom hits you!
* * * LOW HITPOINT WARNING * * *
The phantom blinks!
You blink.
It was a potion of berserk rage.
A red film seems to cover your vision as you go berserk!
You feel yourself moving faster!
You feel mighty! The phantom hits you!
You die...

.###...'......##.###.###.###.##..
..###..#.....##...............#..
...###.#...§....##.###.###.##..#.
....####......#.#...........#.#..
.....###......#...##.###.##...#..
##+####.....#.#.#.#.......#.#.#..
............#...#...##.##...#..##
..............#.#.#.#...#.#.#.###
..........###.#W@.#)..♣...#...#..
##....##......#.#.#.#...#.#.#.##.
.......#........#...##.##...#....
...#......#...#.#.#.......#.#.###
..............#...##.###.##...###
.>............#.#...........#.#..
#...............##.###.###.##....
..............#...............#..
#.........#...##.###.###.###.###.


You could see a phantom.

Vanquished Creatures
  Grinder (D:3)
  Sigmund (D:3)
  Eustachio (D:4)
  2 scorpions
  3 hounds (D:4)
  An orc priest (D:4)
  Terence (D:3)
  Jessica (D:2)
  3 adders
  2 worms
  3 dart slugs
  9 orcs
  4 ball pythons
  6 bats
  4 endoplasms
  3 giant cockroaches
  2 goblins
  9 hobgoblins
  11 jackals
  A quokka (D:2)
  A frilled lizard (D:3)
  5 kobolds
  3 rats
77 creatures vanquished.

Vanquished Creatures (collateral kills)
  An orc (D:3)
  A goblin (D:3)
  A quokka (D:1)
3 creatures vanquished.

Grand Total: 80 creatures vanquished

Notes
Turn   | Place    | Note
-------+----------+-------------------------------------------
     0 | D:1      | cforsyth the Djinni Necromancer began the quest for the
                  | Orb.
     0 | D:1      | cforsyth set off with the following spells memorised:
                  | Necrotise, Vampiric Draining, Animate Dead, Agony.
     0 | D:1      | Reached XP level 1. HP: 15/15 MP: 0/0
   267 | D:1      | Reached XP level 2. HP: 21/22 MP: 0/0
   270 | D:1      | Found a faded altar of an unknown god.
   283 | D:1      | Reached skill level 1 in Fighting
   442 | D:1      | Reached XP level 3. HP: 25/27 MP: 0/0
   442 | D:1      | Learned a level 1 spell: Kiss of Death
   823 | D:2      | Found Cusophit's Antique Weapon Boutique.
   927 | D:2      | Noticed Jessica
   930 | D:2      | Killed Jessica
   931 | D:2      | Reached skill level 2 in Fighting
   931 | D:2      | Reached XP level 4. HP: 32/33 MP: 0/0
   979 | D:2      | Identified the +2 plate armour of Feral Birdsong {rElec
                  | Dex+4}
  1378 | D:3      | Noticed Grinder
  1539 | D:3      | Noticed Sigmund
  1623 | D:3      | Killed Sigmund
  1624 | D:3      | Reached skill level 3 in Fighting
  1624 | D:3      | Reached XP level 5. HP: 21/41 MP: 0/0
  1624 | D:3      | Learned a level 2 spell: Lesser Beckoning
  1624 | D:3      | Reached XP level 6. HP: 25/47 MP: 0/0
  1719 | D:3      | Paralysed by Grinder for 3 turns
  1723 | D:3      | Killed Grinder
  1724 | D:3      | Reached skill level 4 in Fighting
  1724 | D:3      | Reached skill level 5 in Spellcasting
  1724 | D:3      | Reached skill level 5 in Conjurations
  1724 | D:3      | Reached skill level 5 in Hexes
  1724 | D:3      | Reached skill level 5 in Summonings
  1724 | D:3      | Reached skill level 5 in Necromancy
  1724 | D:3      | Reached skill level 5 in Translocations
  1724 | D:3      | Reached skill level 5 in Transmutations
  1724 | D:3      | Reached skill level 5 in Fire Magic
  1724 | D:3      | Reached skill level 5 in Ice Magic
  1724 | D:3      | Reached skill level 5 in Air Magic
  1724 | D:3      | Reached skill level 5 in Earth Magic
  1724 | D:3      | Reached skill level 5 in Poison Magic
  1724 | D:3      | Reached XP level 7. HP: 33/53 MP: 0/0
  1724 | D:3      | Learned a level 3 spell: Volatile Blastmotes
  2091 | D:3      | Reached skill level 5 in Fighting
  2251 | D:3      | Noticed Terence
  2257 | D:3      | Killed Terence
  2304 | D:3      | Found a transporter.
  2422 | D:3      | Found a transporter.
  2425 | D:3      | Noticed Videorelaxant777's ghost (amateur MfCK)
  3490 | D:4      | Noticed Eustachio
  3533 | D:4      | Killed Eustachio
  3534 | D:4      | Reached XP level 8. HP: 31/48 MP: 0/0
  3536 | D:4      | Reached skill level 6 in Fighting
  3649 | D:4      | Noticed Pikel
  3976 | D:4      | HP: 1/38 [phantom (7)]
  3977 | D:4      | Slain by a phantom

Illustrated notes

Levels and vault maps discovered:
D:1:      lightli_arrival_statue_moat, layout_rooms, serial_forest,
          infiniplex_forest_clump_curved, infiniplex_forest_split,
          infiniplex_forest_straight_3, infiniplex_forest_clump_small,
          infiniplex_forest_fountain, infiniplex_forest_corner_1,
          infiniplex_forest_corner_1, infiniplex_forest_clump_diagonal,
          hellmonk_ecumenical_altar_blasted
D:2:      layout_basic, serial_shops, nicolae_shop_stone, uniq_jessica
D:3:      cheibrodos_old_hovel, layout_loops_corners,
          gammafunk_ghost_stat_death, uniq_terence, uniq_grinder, uniq_sigmund
D:4:      layout_cave_pools, mainiacjoe_overflow_divided_tiny,
          minmay_misc_feat_hallway, nicolae_concentric_dashed_squares_wild,
          minivault_14, minmay_quadrilaterals, uniq_eustachio, uniq_pikel

Skill      XL: |  1  2  3  4  5  6  7  8 |
---------------+-------------------------+-----
Fighting       | 1 2 3 4 5 6 |  6.2
Spellcasting   | 4 5 |  5.8
Conjurations   | 4 5 |  5.8
Hexes          | 4 5 |  5.8
Summonings     | 4 5 |  5.8
Necromancy     | 4 5 |  5.8
Translocations | 4 5 |  5.8
Transmutations | 4 5 |  5.8
Fire Magic     | 4 5 |  5.8
Ice Magic      | 4 5 |  5.8
Air Magic      | 4 5 |  5.8
Earth Magic    | 4 5 |  5.8
Poison Magic   | 4 5 |  5.8
Dodging        | |  2.1
Stealth        | |  1.5

Action                     |  1- 3 |  4- 6 |  7- 9 || total
---------------------------+-------+-------+-------++-------
  Melee: Unarmed           |     7 |       |       ||     7
         Punch             |     1 |       |       ||     1
         Short sword       |       |     7 |     2 ||     9
   Cast: Necrotise         |    44 |    35 |    71 ||   150
         Kiss of Death     |       |     3 |     6 ||     9
         Volatile Blastmot |       |       |     5 ||     5
  Evoke: Wand              |       |       |     3 ||     3
    Use: Scroll            |       |     1 |       ||     1
         Potion            |       |       |     1 ||     1
 Armour: Robe              |    13 |    23 |    46 ||    82
  Dodge: Dodged            |    13 |    16 |    39 ||    68

Table legend: (Time is in decaauts)
 A = Elapsed time spent in this place.
 B = Non-inter-level travel time spent in this place.
 C = Inter-level travel time spent in this place.
 D = Time resting spent in this place.
 E = Time spent auto-exploring this place.
 F = Levels seen in this place.
 G = Mean time per level.
                   A        B        C        D        E       F      G
               +--------+--------+--------+--------+--------+-----+--------+
         Total |   3978 |   3808 |    170 |    732 |   2329 |   4 |  994.5 |
       Dungeon |   3978 |   3808 |    170 |    732 |   2329 |   4 |  994.5 |
               +--------+--------+--------+--------+--------+-----+--------+

Top non-repeatable levels by time:
     D:3: 1737 daAuts
     D:1: 787 daAuts
     D:4: 784 daAuts
     D:2: 668 daAuts
